 Dungeon Crawl Stone Soup version 0.26.1-11-gd32895ea62 (webtiles) character file.

Game seed: 11800721342389726879

55 Jerry the Shooter (level 4, -5/34 HPs)
             Began as a Human Hunter on June 11, 2021.
             Killed from afar by an orc wizard (11 damage)
             ... with a magic dart
             ... on level 2 of the Dungeon.
             The game lasted 00:03:43 (1926 turns).

Jerry the Shooter (Human Hunter)                    Turns: 1926, Time: 00:03:44

Health: -5/34      AC:  5    Str: 13    XL:     4   Next: 14%
Magic:  4/4        EV: 12    Int: 12    God:
Gold:   146        SH:  0    Dex: 13    Spells: 3/3 levels left

rFire    . . .     SeeInvis .   a - +1 shortbow
rCold    . . .     Faith    .   (shield currently unavailable)
rNeg     . . .     Spirit   .   c - +0 leather armour
rPois    .         Reflect  .   t - +0 helmet
rElec    .         Harm     .   (no cloak)
rCorr    .         Rampage  .   (no gloves)
Will     .....                  p - +0 pair of boots
Stlth    +.........             (no amulet)
HPRegen  0.11/turn              (no ring)
MPRegen  0.09/turn              (no ring)

@: no status effects
A: no striking features
a: no special abilities


You were on level 2 of the Dungeon.
You visited 1 branch of the dungeon, and saw 3 of its levels.

You collected 146 gold pieces.

Inventory:

Hand Weapons
 a - a +1 shortbow (weapon)
 b - a +0 short sword
 g - a cursed -2 club
Missiles
 d - 5 arrows (quivered ammo)
Armour
 c - a +0 leather armour (worn)
 p - a +0 pair of boots (worn)
 t - a +0 helmet (worn)
Jewellery
 q - a +6 ring of intelligence
Wands
 s - a wand of flame (15)
Scrolls
 h - 2 scrolls of blinking {unknown}
 j - a scroll of immolation {unknown}
 k - 3 scrolls of amnesia {unknown}
 l - 2 scrolls of identify {unknown}
 m - 2 scrolls of remove curse {unknown}
 r - a scroll of teleportation {unknown}
Potions
 e - a potion of curing {unknown}
 f - a potion of magic {unknown}
 i - a potion of degeneration {unknown}
 n - a potion of heal wounds {unknown}
 o - a potion of haste {unknown}


   Skills:
 + Level 2.6 Fighting
 + Level 1.2 Maces & Flails
 + Level 4.4 Bows
 + Level 1.5 Armour
 - Level 2.0 Dodging
 - Level 1.0 Stealth


You had 3 spell levels left.
You didn't know any spells.
Your spell library was empty.

Dungeon Overview and Level Annotations

Branches:
Dungeon (3/15)

Altars:
Nemelex Xobeh


Message History

Fire: 7 arrows
Press: ? - help, Q - select action, (/) - cycle Shift-Dir - straight line, f/p - goblin
Aim: a goblin, wielding a +0 club (55% to hit)
You shoot an arrow. The arrow closely misses the goblin.
The goblin closely misses you.
Fire: 6 arrows
Press: ? - help, Q - select action, (/) - cycle Shift-Dir - straight line, f/p - goblin
Aim: a goblin, wielding a +0 club (55% to hit)
You shoot an arrow. The arrow hits the goblin.
You kill the goblin!
A magic dart appears from out of thin air!
The magic dart hits you.
A puff of flame appears from out of thin air!
The puff of flame misses you.
A puff of flame appears from out of thin air!
The puff of flame hits you!
* * * LOW HITPOINT WARNING * * *
A magic dart appears from out of thin air!
The magic dart hits you!
You die...

...............# #.##.####.#.
#...#.#..#####.#### #.##.##.†...
#...#.#..# #.##.# #.##.##.#.#.
....#.#..# #.##.# #.##.##.#.#.
.........# #....# #.##.##.#.#.
....#.#..# #^.#.# #.......#...
....#<#..#####..#.# #.##.####.#.
....#.#...........####.##.####.#.
#......÷........@....{.........#.
................######.##.####.#.
....###..##.###.####......# #.#.
##### #..##.###...........####(..
# #...................((....(
#######..######.###..#.##.######.
.....÷...######.###..#.##.######.
########.........................
#.######..#####.##........


There were no monsters in sight!

Vanquished Creatures
  Robin (D:2)
  An ooze (D:2)
  A worm (D:2)
  A dart slug (D:1)
  2 leopard geckos (D:1)
  A giant cockroach (D:2)
  6 goblins
  5 hobgoblins
  5 kobolds
  2 bats (D:2)
  5 frilled lizards
  3 rats
33 creatures vanquished.

Notes
Turn   | Place    | Note
-------+----------+-------------------------------------------
     0 | D:1      | Jerry the Human Hunter began the quest for the Orb.
     0 | D:1      | Reached XP level 1. HP: 16/16 MP: 1/1
   131 | D:1      | Reached XP level 2. HP: 22/22 MP: 2/2
   873 | D:2      | Reached skill level 1 in Armour
   954 | D:2      | Found a sparkling altar of Nemelex Xobeh.
   996 | D:2      | Reached XP level 3. HP: 28/28 MP: 3/3
  1374 | D:2      | Reached skill level 1 in Maces & Flails
  1849 | D:3      | Noticed Robin
  1864 | D:2      | Killed Robin
  1865 | D:2      | Reached XP level 4. HP: 29/34 MP: 4/4
  1926 | D:2      | Killed from afar by an orc wizard

Illustrated notes

Levels and vault maps discovered:
D:1:      mrwooster_arrival_arrow, layout_loops_cross, hangedman_decor_points
D:2:      layout_basic, hangedman_abyss_or_decor_stabs,
          nemelex_diamond_rough_becter
D:3:      layout_rooms, uniq_terence, uniq_robin

Skill      XL: |  1  2  3 |
---------------+----------+-----
Armour         | 1 |  1.5
Maces & Flails | 1 |  1.2
Fighting       | |  2.6
Bows           | |  4.4
Dodging        | |  2.0
Stealth        | |  1.0

Action                   |  1- 3 |  4- 6 || total
-------------------------+-------+-------++-------
Melee: Shortbow          |       |     2 ||     2
 Fire: Shortbow          |    82 |     4 ||    86
Armor: Leather armour    |     3 |     8 ||    11
Dodge: Dodged            |    10 |     9 ||    19
